 Dungeon Crawl Stone Soup version 0.29-a0-582-ge82337ba6a (webtiles) character file.

Game seed: 13646094423024652135

51 mandarbmax the Bolt Thrower (level 3, -2/29 HPs)
             Began as a Barachi Hunter on June 15, 2022.
             Killed by an exploding adder (30 damage)
             ... ignited by their inner flame
             ... on level 3 of the Dungeon.
             The game lasted 00:03:07 (1484 turns).

mandarbmax the Bolt Thrower (Barachi Hunter)        Turns: 1484, Time: 00:03:07

Health: -2/29      AC:  3    Str: 12    XL:     3   Next: 83%
Magic:  3/3        EV: 12    Int:  9    God:
Gold:   80         SH:  0    Dex: 17    Spells: 2/2 levels left

rFire   . . .      SeeInvis .   a - +1 hand crossbow
rCold   . . .      Faith    .   (no shield)
rNeg    . . .      Spirit   .   b - +0 leather armour
rPois   .          Reflect  .   (no helmet)
rElec   .          Harm     .   (no cloak)
rCorr   .          Rampage  .   (no gloves)
Will    .....                   (no boots)
Stlth   ++........              (no amulet)
HPRegen 0.09/turn               h - ring of flight
MPRegen 0.08/turn               (no ring)

@: unable to hop, flying, slow
A: amphibious, slowness 1, strong legs 1, +LOS
a: Hop


You were on level 3 of the Dungeon.
You visited 1 branch of the dungeon, and saw 3 of its levels.

You collected 80 gold pieces.

Inventory:

Hand Weapons
 a - a +1 hand crossbow (weapon)
Armour
 b - a +0 leather armour (worn)
Jewellery
 h - a ring of flight (left hand)
Scrolls
 e - 2 scrolls of teleportation {unknown}
 f - a scroll of enchant armour
 g - a scroll of magic mapping
Potions
 i - 2 potions of curing


   Skills:
 - Level 3.0 Fighting
 + Level 5.1 Crossbows
 - Level 2.1 Dodging
 - Level 0.8 Stealth


You had 2 spell levels left.
You didn't know any spells.
Your spell library contained the following spells:

 Spells                   Type           Power      Damage    Failure   Level
 Malign Gateway           Summ/Tloc      0%         N/A       100%        7
 Summon Horrible Things   Summ           0%         N/A       100%        8


Dungeon Overview and Level Annotations

Branches:
Dungeon (3/15)

Altars:
Elyvilon


Innate Abilities, Weirdness & Mutations

You are amphibious.
You cover ground slowly.
You can hop short distances.
You have an extended range of vision and can be seen from far away.


Message History

f - a scroll of enchant armour You drop a scroll of noise.
Okay, then.
Unknown command.
A hobgoblin, a jackal and an adder come into view.
Found a glowing war axe.
The hobgoblin shouts!
The adder hisses angrily.
There are monsters nearby!
There are monsters nearby!
There are monsters nearby!
You shoot a bolt. The bolt barely misses the adder.
The bolt hits the hobgoblin.
The hobgoblin is almost dead.
The adder bites you.
Hop to where?
Press: ? - help, Dir - move target, p - adder Boing!
A hound comes into view.
You aren't carrying any items that you can evoke.
Really read the scroll of immolation?
As you read the scroll of immolation, it crumbles to dust.
The creatures around you are filled with an inner flame!
The hound barks!
Shoot: a) +1 hand crossbow
Press: ? - help, Q - select action, (/) - cycle Shift-Dir - straight line, f - hobgoblin
Aim: a hobgoblin (sparse dust, almost dead, inner flame, 65% to hit)
You shoot a bolt. The bolt barely misses the adder.
The bolt hits the hobgoblin.
The hobgoblin explodes!
The fiery explosion engulfs the jackal!!!
The fiery explosion engulfs the adder!
Flame seeps out of the adder.
The adder is almost dead.
The jackal explodes!
You hear a shout!
The adder is engulfed in blazing flames.
The adder explodes!
The fiery explosion engulfs the hound!!!
The fiery explosion engulfs you!!
Ouch! That really hurt!
You die...

### #..# .# ##)..
..# ##... ..## #§§§
...# .. #§§## #..#
.... #○§## #..#
......##§§.###..# #
#...§@§......#
#............#...#
#.##.........##..#
#...##.#####....#
+... #..#......>#
###...###.#....#.##
........#.#..###.#
...............#.#
......†.<......#.#


There were no monsters in sight!

Vanquished Creatures
  A hound (D:3)
  3 adders
  A dart slug (D:2)
  2 ball pythons
  2 endoplasms
  7 hobgoblins
  A jackal (D:3)
  2 quokkas
  A bat (D:2)
  2 frilled lizards (D:1)
  4 goblins (D:1)
  5 kobolds (D:1)
  6 rats
37 creatures vanquished.

Notes
Turn   | Place    | Note
-------+----------+-------------------------------------------
     0 | D:1      | mandarbmax the Barachi Hunter began the quest for the Orb.
     0 | D:1      | Reached XP level 1. HP: 17/17 MP: 1/1
    99 | D:1      | Reached XP level 2. HP: 23/23 MP: 2/2
   287 | D:1      | Found a faded altar of an unknown god.
   510 | D:2      | Found a white marble altar of Elyvilon.
   605 | D:2      | Reached XP level 3. HP: 8/29 MP: 3/3
   846 | D:2      | Reached skill level 5 in Crossbows
  1484 | D:3      | Killed by an exploding adder... ignited by their inner
                  | flame

Illustrated notes

Levels and vault maps discovered:
D:1:      kennysheep_arrival_forest, layout_rooms, ebering_ecumenical_altar_box,
          nrook_campfire
D:2:      layout_basic, basic_altar
D:3:      layout_basic, minmay_cupped

Skill      XL: |  1  2  3 |
---------------+----------+-----
Fighting       | 3 |  3.0
Crossbows      | 5 |  5.1
Dodging        | |  2.1
Stealth        | |  0.8

Action                   || total
-------------------------++-------
 Fire: Hand crossbow     ||    86
 Abil: Hop               ||     2
  Use: Scroll            ||     5
Armor: Leather armour    ||     4
Dodge: Dodged            ||    19

Table legend: (Time is in decaauts)
 A = Elapsed time spent in this place.
 B = Non-inter-level travel time spent in this place.
 C = Inter-level travel time spent in this place.
 D = Time resting spent in this place.
 E = Time spent auto-exploring this place.
 F = Levels seen in this place.
 G = Mean time per level.
                   A        B        C        D        E       F      G
               +--------+--------+--------+--------+--------+-----+--------+
         Total |   1711 |   1677 |     34 |     15 |   1454 |   3 |  570.3 |
       Dungeon |   1711 |   1677 |     34 |     15 |   1454 |   3 |  570.3 |
               +--------+--------+--------+--------+--------+-----+--------+

Top non-repeatable levels by time:
     D:2: 1145 daAuts
     D:1: 528 daAuts
     D:3: 37 daAuts
